TOP OF THE 1ST |
St. Louis Cardinals batting - Pitching for Cincinnati Reds : RHP Constantino Chamisso
|
Pitching: RHP Constantino Chamisso
|
|
Batting: RHB Mike Bates
|
0-0: Foul Ball, location: 2F 0-1: SOLO HOME RUN (Flyball, 78XD, EV 111.9 MPH), Distance : 404 ft
|
Batting: LHB Pat Sutton
|
0-0: Ball 1-0: Ball 2-0: Ball 3-0: Called Strike 3-1: SOLO HOME RUN (Flyball, 9LD, EV 98.1 MPH), Distance : 359 ft
|
Batting: SHB Harry Hoop
|
0-0: Foul Ball, location: 2F 0-1: Ball 1-1: Swinging Strike 1-2: Strikes out swinging
|
Batting: LHB Billy Guzman
|
0-0: Called Strike 0-1: Ball 1-1: Swinging Strike 1-2: Foul Ball, location: 2F 1-2: Strikes out swinging
|
Batting: LHB Armando Carbajal
|
0-0: Ball 1-0: Ball 2-0: Called Strike 2-1: Foul Ball, location: 2F 2-2: Foul Ball, location: 2F 2-2: Fly out, F8 (Flyball, 8LXD, EV 96.2 MPH)
|
Top of the 1st over - 2 runs, 2 hits, 0 errors, 0 left on base; St. Louis 2 - Cincinnati 0 |
BOTTOM OF THE 1ST |
Cincinnati Reds batting - Pitching for St. Louis Cardinals : LHP Antonio Lacayo
|
Pitching: LHP Antonio Lacayo
|
|
Batting: RHB Willie Lazcano
|
0-0: Called Strike 0-1: Ball 1-1: Ball 2-1: Ball 3-1: Foul Ball, location: 2F 3-2: Foul Ball, location: 2F 3-2: Foul Ball, location: 2F 3-2: Strikes out swinging
|
Batting: LHB Evan Torraville
|
0-0: Called Strike 0-1: Foul Ball, location: 2F 0-2: Foul Ball, location: 2F 0-2: Ball 1-2: Ball 2-2: Foul Ball, location: 2F 2-2: Ball 3-2: Foul Ball, location: 2F 3-2: Strikes out looking
|
Batting: LHB Chris Grunwald
|
0-0: Called Strike 0-1: Ball 1-1: Swinging Strike 1-2: Strikes out swinging
|
Bottom of the 1st over - 0 runs, 0 hits, 0 errors, 0 left on base; St. Louis 2 - Cincinnati 0 |
TOP OF THE 2ND |
St. Louis Cardinals batting - Pitching for Cincinnati Reds : RHP Constantino Chamisso
|
Batting: SHB Chris Blue
|
0-0: Bunt for hit to 5S - play at first, batter OUT! 5-3
|
Batting: LHB Ichiro Toyota
|
0-0: Ball 1-0: SINGLE (Groundball, 25, EV 69.4 MPH) (infield hit)
|
Batting: RHB Klaas Meij
|
0-0: Foul Ball, location: 2F 0-1: Ball 1-1: Called Strike 1-2: Grounds into double play, 5-4-3 (Groundball, 56, EV 104.4 MPH)
|
Top of the 2nd over - 0 runs, 1 hit, 0 errors, 0 left on base; St. Louis 2 - Cincinnati 0 |
BOTTOM OF THE 2ND |
Cincinnati Reds batting - Pitching for St. Louis Cardinals : LHP Antonio Lacayo
|
Batting: RHB Mike Alm
|
0-0: Ball 1-0: Called Strike 1-1: Ball 2-1: Ball 3-1: Called Strike 3-2: Base on Balls
|
Batting: SHB Saulo Maina
|
0-0: Ball 1-0: Ball 2-0: Foul Ball, location: 2F 2-1: Called Strike 2-2: Foul Ball, location: 2F 2-2: Ball 3-2: Strikes out swinging
|
Batting: RHB Fred Slade
|
0-0: Called Strike 0-1: Foul Ball, location: 2F 0-2: Ball 1-2: Foul Ball, location: 2F 1-2: Ground out 5-3 (Groundball, 56S, EV 70.0 MPH) Mike Alm to second
|
Batting: RHB Omar Quintana
|
0-0: SINGLE (Line Drive, 4D, EV 105.6 MPH) Mike Alm to third Runner from 3rd tries for Home, SAFE, throw by CF to home
|
Batting: LHB Antonio Figueroa
|
0-0: Called Strike 0-1: Called Strike 0-2: Hit by Pitch Omar Quintana to second
|
Batting: RHB Juan Reyes
|
0-0: Swinging Strike 0-1: Called Strike 0-2: Foul Ball, location: 2F 0-2: Fly out, F9 (Flyball, 9D, EV 101.9 MPH)
|
Bottom of the 2nd over - 1 run, 1 hit, 0 errors, 2 left on base; St. Louis 2 - Cincinnati 1 |
TOP OF THE 3RD |
St. Louis Cardinals batting - Pitching for Cincinnati Reds : RHP Constantino Chamisso
|
Batting: RHB Danny Gallo
|
0-0: Ball 1-0: Ball 2-0: Called Strike 2-1: Called Strike 2-2: Ball 3-2: Ground out 4-3 (Groundball, 4, EV 80.6 MPH)
|
Batting: RHB Mike Bates
|
0-0: Called Strike 0-1: Ball 1-1: Foul Ball, location: 2F 1-2: Foul Ball, location: 2F 1-2: Strikes out swinging, 2-3 out at first.
|
Batting: LHB Pat Sutton
|
0-0: Ball 1-0: DOUBLE (Groundball, 3L, EV 98.8 MPH)
|
Batting: SHB Harry Hoop
|
0-0: Ball 1-0: Swinging Strike 1-1: Foul Ball, location: 2F 1-2: Ground out 4-3 (Groundball, 4, EV 83.8 MPH)
|
Top of the 3rd over - 0 runs, 1 hit, 0 errors, 1 left on base; St. Louis 2 - Cincinnati 1 |
BOTTOM OF THE 3RD |
Cincinnati Reds batting - Pitching for St. Louis Cardinals : LHP Antonio Lacayo
|
Batting: RHB Willie Lazcano
|
0-0: Hit by Pitch
|
Batting: LHB Evan Torraville
|
0-0: Called Strike 0-1: Foul Ball, location: 2F 0-2: Strikes out looking
|
Batting: LHB Chris Grunwald
|
0-0: Called Strike 0-1: DOUBLE (Line Drive, 78XD, EV 106.9 MPH) Willie Lazcano to third
|
Batting: RHB Mike Alm
|
0-0: Called Strike 0-1: Ball 1-1: Foul Ball, location: 2F 1-2: Ball 2-2: Foul Ball, location: 2F 2-2: Foul Ball, location: 2F 2-2: Fly out, F7 (Flyball, 78D, EV 100.6 MPH) Runner from 3rd tags up, SCORES, throw by LF
|
Batting: SHB Saulo Maina
|
0-0: Foul Ball, location: 2F 0-1: Ball 1-1: Ball 2-1: Foul Ball, location: 2F 2-2: Fly out, F8 (Flyball, 8LD, EV 91.2 MPH)
|
Bottom of the 3rd over - 1 run, 1 hit, 0 errors, 1 left on base; St. Louis 2 - Cincinnati 2 |
TOP OF THE 4TH |
St. Louis Cardinals batting - Pitching for Cincinnati Reds : RHP Constantino Chamisso
|
Batting: LHB Billy Guzman
|
0-0: Ball 1-0: Swinging Strike 1-1: Called Strike 1-2: Ball 2-2: DOUBLE (Line Drive, 9LM, EV 100.0 MPH)
|
Batting: LHB Armando Carbajal
|
0-0: Called Strike 0-1: Foul Ball, location: 2F 0-2: Foul Ball, location: 2F 0-2: Strikes out swinging
|
Batting: SHB Chris Blue
|
0-0: Called Strike 0-1: Foul Ball, location: 2F 0-2: Ball 1-2: SINGLE (Groundball, 15S, EV 67.5 MPH) (infield hit) Billy Guzman to third
|
Batting: LHB Ichiro Toyota
|
0-0: Ball 1-0: Ball 2-0: Fielders Choice at 2nd, 6-4 (Groundball, 6, EV 96.9 MPH) Billy Guzman scores
|
Batting: RHB Klaas Meij
|
0-0: Called Strike 0-1: Fly out, F7 (Flyball, 78D, EV 103.1 MPH)
|
Top of the 4th over - 1 run, 2 hits, 0 errors, 1 left on base; St. Louis 3 - Cincinnati 2 |
BOTTOM OF THE 4TH |
Cincinnati Reds batting - Pitching for St. Louis Cardinals : LHP Antonio Lacayo
|
Batting: RHB Fred Slade
|
0-0: SOLO HOME RUN (Flyball, 78XD, EV 110.6 MPH), Distance : 436 ft
|
Batting: RHB Omar Quintana
|
0-0: Swinging Strike 0-1: Ground out U3 (Groundball, 13, EV 83.8 MPH)
|
Batting: LHB Antonio Figueroa
|
0-0: Ball 1-0: Foul Ball, location: 2F 1-1: Ball 2-1: Swinging Strike 2-2: Ball 3-2: Fly out, F8 (Flyball, 8RD, EV 90.0 MPH)
|
Batting: RHB Juan Reyes
|
0-0: Ball 1-0: Ball 2-0: Foul Ball, location: 2F 2-1: Fly out, F8 (Flyball, 89D, EV 97.5 MPH)
|
Bottom of the 4th over - 1 run, 1 hit, 0 errors, 0 left on base; St. Louis 3 - Cincinnati 3 |
TOP OF THE 5TH |
St. Louis Cardinals batting - Pitching for Cincinnati Reds : RHP Constantino Chamisso
|
Batting: RHB Danny Gallo
|
0-0: Foul Ball, location: 2F 0-1: Swinging Strike 0-2: Strikes out swinging, 2-3 out at first.
|
Batting: RHB Mike Bates
|
0-0: SINGLE (Line Drive, 8LS, EV 98.8 MPH)
|
Batting: LHB Pat Sutton
|
0-0: Called Strike 0-1: Called Strike Mike Bates is caught stealing 2nd base 2-6 0-2: Ball 1-2: Foul Ball, location: 2F 1-2: Foul Ball, location: 2F 1-2: Strikes out swinging
|
Top of the 5th over - 0 runs, 1 hit, 0 errors, 0 left on base; St. Louis 3 - Cincinnati 3 |
BOTTOM OF THE 5TH |
Cincinnati Reds batting - Pitching for St. Louis Cardinals : LHP Antonio Lacayo
|
Batting: RHB Willie Lazcano
|
0-0: Ball 1-0: Ball 2-0: Called Strike 2-1: Ball 3-1: Foul Ball, location: 2F 3-2: Strikes out swinging
|
Batting: LHB Evan Torraville
|
0-0: Called Strike 0-1: Ball 1-1: Ground out 3-1 (Groundball, 34S, EV 83.1 MPH)
|
Batting: LHB Chris Grunwald
|
0-0: Called Strike 0-1: Foul Ball, location: 2F 0-2: Strikes out swinging
|
Bottom of the 5th over - 0 runs, 0 hits, 0 errors, 0 left on base; St. Louis 3 - Cincinnati 3 |
TOP OF THE 6TH |
St. Louis Cardinals batting - Pitching for Cincinnati Reds : RHP Constantino Chamisso
|
Batting: SHB Harry Hoop
|
0-0: Ball 1-0: Ball 2-0: Foul Ball, location: 2F 2-1: Ball 3-1: Swinging Strike 3-2: Foul Ball, location: 2F 3-2: Fly out, F7 (Flyball, 7, EV 82.5 MPH)
|
Batting: LHB Billy Guzman
|
0-0: Called Strike 0-1: Foul Ball, location: 2F 0-2: Fly out, F6 (Line Drive, 6, EV 61.2 MPH)
|
Batting: LHB Armando Carbajal
|
0-0: Ball 1-0: Ground out 4-3 (Groundball, 34, EV 89.4 MPH)
|
Top of the 6th over - 0 runs, 0 hits, 0 errors, 0 left on base; St. Louis 3 - Cincinnati 3 |
BOTTOM OF THE 6TH |
Cincinnati Reds batting - Pitching for St. Louis Cardinals : LHP Antonio Lacayo
|
Batting: RHB Mike Alm
|
0-0: Ball 1-0: Ball 2-0: SOLO HOME RUN (Flyball, 7LD, EV 95.0 MPH), Distance : 343 ft
|
Batting: SHB Saulo Maina
|
0-0: Ball 1-0: Swinging Strike 1-1: Foul Ball, location: 2F 1-2: SINGLE (Groundball, 6MD, EV 98.1 MPH)
|
Batting: RHB Fred Slade
|
0-0: Ground out 5-3 (Groundball, 56, EV 80.6 MPH) Saulo Maina to second
|
Batting: RHB Omar Quintana
|
0-0: Intentional Walk
|
Pitching: RHP Casey Cogdill
|
|
Batting: LHB Antonio Figueroa
|
0-0: Fielders Choice at 2nd, 1-4 (Groundball, 15S, EV 72.5 MPH) Saulo Maina to third
|
Batting: RHB Juan Reyes
|
0-0: Called Strike 0-1: Ball 1-1: Called Strike 1-2: Strikes out swinging
|
Bottom of the 6th over - 1 run, 2 hits, 0 errors, 2 left on base; St. Louis 3 - Cincinnati 4 |
TOP OF THE 7TH |
St. Louis Cardinals batting - Pitching for Cincinnati Reds : RHP Constantino Chamisso
|
Batting: SHB Chris Blue
|
0-0: Called Strike 0-1: Foul Ball, location: 2F 0-2: Foul Ball, location: 2F 0-2: Ball 1-2: Ball 2-2: SINGLE (Groundball, 34D, EV 102.5 MPH)
|
Batting: LHB Ichiro Toyota
|
0-0: Called Strike 0-1: Ball 1-1: Ball 2-1: Fielders Choice at 2nd, 3-6 (Groundball, 3D, EV 93.1 MPH)
|
Batting: RHB Klaas Meij
|
0-0: Ball 1-0: Swinging Strike 1-1: Ball 2-1: Called Strike 2-2: Ball 3-2: Strikes out swinging Ichiro Toyota is caught stealing 2nd base 2-4 Batter strikes out.
|
Top of the 7th over - 0 runs, 1 hit, 0 errors, 0 left on base; St. Louis 3 - Cincinnati 4 |
BOTTOM OF THE 7TH |
Cincinnati Reds batting - Pitching for St. Louis Cardinals : RHP Casey Cogdill
|
Batting: RHB Willie Lazcano
|
0-0: Called Strike 0-1: Called Strike 0-2: Ball 1-2: Ground out 4-3 (Groundball, 4, EV 86.9 MPH)
|
Batting: LHB Evan Torraville
|
0-0: Ball 1-0: Called Strike 1-1: Called Strike 1-2: Ball 2-2: Ground out 4-3 (Groundball, 4, EV 84.4 MPH)
|
Batting: LHB Chris Grunwald
|
0-0: Ball 1-0: Foul Ball, location: 2F 1-1: Ball 2-1: Ball 3-1: Swinging Strike 3-2: Base on Balls
|
Batting: RHB Mike Alm
|
0-0: Foul Ball, location: 2F 0-1: Ball 1-1: Fly out, F2 (Popup, 5SF, EV 78.1 MPH)
|
Bottom of the 7th over - 0 runs, 0 hits, 0 errors, 1 left on base; St. Louis 3 - Cincinnati 4 |
TOP OF THE 8TH |
St. Louis Cardinals batting - Pitching for Cincinnati Reds : RHP Constantino Chamisso
|
Pitching: RHP Justin Ambrose
|
|
Batting: RHB Danny Gallo
|
0-0: Fly out, F8 (Flyball, 89M, EV 88.1 MPH)
|
Batting: RHB Mike Bates
|
0-0: Foul Ball, location: 2F 0-1: Ball 1-1: Ball 2-1: Ball 3-1: Foul Ball, location: 2F 3-2: Ground out 4-3 (Groundball, 4, EV 105.6 MPH)
|
Batting: LHB Pat Sutton
|
0-0: Foul Ball, location: 2F 0-1: Ball 1-1: Ground out 4-3 (Groundball, 4, EV 86.2 MPH)
|
Top of the 8th over - 0 runs, 0 hits, 0 errors, 0 left on base; St. Louis 3 - Cincinnati 4 |
BOTTOM OF THE 8TH |
Cincinnati Reds batting - Pitching for St. Louis Cardinals : RHP Casey Cogdill
|
Batting: SHB Saulo Maina
|
0-0: Ball 1-0: Ground out U3 (Groundball, 3, EV 81.9 MPH)
|
Batting: RHB Fred Slade
|
0-0: Called Strike 0-1: Ball 1-1: Ball 2-1: Fly out, F9 (Flyball, 89S, EV 81.9 MPH)
|
Batting: RHB Omar Quintana
|
0-0: Ball 1-0: Foul Ball, location: 2F 1-1: Called Strike 1-2: Ball 2-2: Foul Ball, location: 2F 2-2: Ground out U3 (Groundball, 3L, EV 86.2 MPH)
|
Bottom of the 8th over - 0 runs, 0 hits, 0 errors, 0 left on base; St. Louis 3 - Cincinnati 4 |
TOP OF THE 9TH |
St. Louis Cardinals batting - Pitching for Cincinnati Reds : RHP Justin Ambrose
|
Pitching: LHP Eddie Grape
|
|
Batting: SHB Harry Hoop
|
0-0: Called Strike 0-1: Called Strike 0-2: SINGLE (Groundball, 6, EV 95.0 MPH)
|
Batting: LHB Billy Guzman
|
0-0: Swinging Strike 0-1: Ball 1-1: Fielders Choice at 2nd, 5-4 (Groundball, 5L, EV 86.2 MPH)
|
Pinch Hitting: SHB Jason Kirby
|
0-0: SINGLE (Flyball, 89M, EV 96.2 MPH) Billy Guzman to second Runner from 2nd tries for 3rd, SAFE, throw by RF made to third Jason Kirby to second
|
Batting: SHB Chris Blue
|
0-0: Ball 1-0: SINGLE (Groundball, 6MD, EV 103.1 MPH) Billy Guzman scores Jason Kirby to third Runner from 3rd tries for Home, SAFE, throw by CF to home
|
Batting: LHB Ichiro Toyota
|
0-0: Ball 1-0: Called Strike 1-1: Ball 2-1: Ball 3-1: Base on Balls Chris Blue to second
|
Batting: RHB Klaas Meij
|
0-0: Called Strike 0-1: Called Strike 0-2: Strikes out swinging
|
Batting: RHB Danny Gallo
|
0-0: Swinging Strike Passed Ball! Chris Blue to third Ichiro Toyota to second 0-1: Called Strike 0-2: Ball 1-2: Ball 2-2: Strikes out looking
|
Top of the 9th over - 2 runs, 3 hits, 0 errors, 2 left on base; St. Louis 5 - Cincinnati 4 |
BOTTOM OF THE 9TH |
Cincinnati Reds batting - Pitching for St. Louis Cardinals : RHP Casey Cogdill
|
Pitching: RHP Nick Mistretta
|
|
Now at 1B: Jason Kirby
|
|
Batting: LHB Antonio Figueroa
|
0-0: Ground out 5-3 (Groundball, 5L, EV 106.9 MPH)
|
Pinch Hitting: SHB Jun Tsuda
|
0-0: Called Strike 0-1: Ball 1-1: Foul Ball, location: 2F 1-2: Foul Ball, location: 2F 1-2: Ball 2-2: Foul Ball, location: 2F 2-2: SINGLE (Line Drive, 89M, EV 96.2 MPH)
|
Batting: RHB Willie Lazcano
|
0-0: Sac Bunt to 23 - play at first, batter OUT! 3-4 Jun Tsuda to second
|
Batting: LHB Evan Torraville
|
0-0: Ball 1-0: Foul Ball, location: 2F 1-1: Ball 2-1: Foul Ball, location: 2F 2-2: Ball 3-2: Base on Balls
|
Batting: LHB Chris Grunwald
|
0-0: Ball 1-0: Fly out, F8 (Line Drive, 8LM, EV 98.8 MPH)
|
Bottom of the 9th over - 0 runs, 1 hit, 0 errors, 2 left on base; St. Louis 5 - Cincinnati 4 |
|